Unix NetHack Version 5.0.0-0 post-release - last build May 31 2026 23:59:36 (970b52f25bf058293b47ddfd14a1e40e571c508c,branch:main).

Game began 2026-06-03 05:02:26, ended 2026-06-03 05:21:08.

Eisengrim, chaotic male elven Wizard

                     ..-
                  ......-
                 |.......
                 |.......
                --...)...
                ........--
                ......>...
                --...^...-
                |..).....
               --.........
               ....)@q...h*
               ...)...)).)-
               -...........
                -.........
                 -.......

Eisengrim the Conjurer    St:11 Dx:12 Co:12 In:20 Wi:11 Ch:9  Chaotic
Dlvl:5  $:210 HP:0(37) Pw:50(62) AC:9  Xp:5 T:2023  Burdened

Latest messages:
 There is a partly eaten gnome corpse here; eat it? [ynq] (n)
 You resume your meal.
 The gnome picks up 5 daggers.
 You stop eating the gnome corpse.
 The gnome wields 5 daggers!
 You miss the gnome.
 You hit the gnome.
 The gnome thrusts one of his daggers.
 The gnome hits!
 The gnome thrusts one of his daggers.
 The gnome hits!
 You miss the gnome.
 The gnome thrusts one of his daggers.
 The gnome hits!
 In what direction?
 The spell hits the gnome!
 You kill the gnome!
 A purple-red potion shatters!
 You smell a peculiar odor...
 There is a partly eaten gnome corpse here; eat it? [ynq] (n)
 You resume your meal.
 Your lamp flickers considerably.
 You finish eating the gnome corpse.
 In what direction?
 The spell hits the gnome!
 You kill the gnome!
 #
 What do you want to call? [prtuyB-EH-LR or ?*]
 You have a little trouble lifting H - a red gem (2 in total).
 There is a gnome corpse here; eat it? [ynq] (n)
 Blecch!  Rotten food!
 Everything suddenly goes dark.
 You finish eating the gnome corpse.
 You have a little trouble lifting S - 2 white gems.
 You try to feel what is lying here on the floor.
 You feel here 13 gold pieces.
 You are hit.
 You have a little trouble lifting $ - 13 gold pieces (210 in total).
 It hits!
 It bites!
 It bites again!
 You try to feel what is lying here on the floor.
 You can see again.
 Your lamp called oil seems about to go out.
 The rothe hits!
 The rothe bites!
 The rothe bites again!
 You die...
 Do you want your possessions identified? [ynq] (y)
 Do you want to see your attributes? [ynq] (y)

Inventory:
 Coins    ('$')
  $ - 210 gold pieces
 Amulets  ('"')
  t - an uncursed amulet of magical breathing
 Weapons  (')')
  O - a +0 crossbow bolt
  z - a blessed +2 dagger
  M - a +0 elven dagger
  a - a blessed +1 quarterstaff (weapon in hands)
 Armor    ('[')
  b - an uncursed +0 cloak of magic resistance (being worn)
  E - a cursed +0 dwarvish cloak
  N - a cursed +0 elven mithril-coat
  q - a blessed +1 leather armor
 Comestibles  ('%')
  w - 3 uncursed food rations
  Q - an uncursed lichen corpse
 Scrolls  ('?')
  j - an uncursed scroll of destroy armor
  L - a cursed scroll of enchant armor
  r - an uncursed scroll of enchant weapon
  p - a cursed scroll of gold detection
  i - 2 uncursed scrolls of identify
  R - an uncursed scroll of light
  k - an uncursed scroll of magic mapping
  C - an uncursed scroll of teleportation
 Spellbooks  ('+')
  l - a blessed spellbook of force bolt
  m - an uncursed spellbook of light
  A - an uncursed spellbook of wizard lock
 Potions  ('!')
  h - an uncursed potion of confusion
  B - a blessed potion of gain energy
  f - an uncursed potion of invisibility
  g - a blessed potion of speed
 Rings    ('=')
  d - a blessed +2 ring of gain strength
  e - an uncursed ring of invisibility
 Wands    ('/')
  c - a wand of striking (0:5)
 Tools    ('(')
  K - an empty uncursed sack
  o - an uncursed bugle
  P - an uncursed credit card
  n - a magic marker (0:21)
  y - an uncursed oil lamp (lit)
 Gems/Stones  ('*')
  J - an uncursed worthless piece of black glass
  u - a cursed worthless piece of black glass
  H - 2 uncursed worthless pieces of red glass
  S - 2 uncursed worthless pieces of white glass
  I - 3 uncursed worthless pieces of yellow glass
  D - an uncursed touchstone

Eisengrim the Wizard's attributes:

Background:
 You were a Conjurer, a level 5 male elven Wizard.
 You were chaotic, nominally on a mission for Anhur
 who was opposed by Ptah (lawful) and Thoth (neutral).
 You were right-handed.
 You were in the Gnomish Mines, on level 5.
 You entered the dungeon 2023 turns ago.
 It was nighttime.
 You had 280 experience points, 40 more were needed to attain level 6.

Basics:
 You had 0 out of 37 hit points.
 You had 50 out of 62 energy points (spell power).
 Your armor class was 9.
 Your wallet contained 210 zorkmids.
 Autopickup was off.

Final Characteristics:
 Your strength was 11 (limit:18).
 Your dexterity was 12 (limit:18).
 Your constitution was 12 (limit:16).
 Your intelligence was 20 (limit:20).
 Your wisdom was 11 (limit:20).
 Your charisma was 9 (limit:18).

Final Status:
 You weren't hungry.
 You were burdened; movement was slightly slowed.
 You were wielding a quarterstaff.
 You had basic skill with quarterstaff.

Final Attributes:
 You were devoutly aligned.
 You were magic-protected.
 You were sleep resistant.
 You had infravision.
 You were warded.
 You are dead.

Miscellaneous:
 You didn't encounter any bones levels.
 Total elapsed playing time was 18 minutes and 39 seconds.

Major events:
 Turn
    1: Eisengrim the chaotic male elven Wizard entered the dungeon
  777: entered the Gnomish Mines
  822: attained the rank of Conjurer (level 3)
 2023: killed by a rothe

Spells:
 Name                 Level Category     Fail Retention
 force bolt             1   attack         0%   81%-90%
 light                  1   divination     0%  76%-100%
 wizard lock            2   matter        27%  76%-100%

Skills:
 Fighting Skills
   bare handed combat [Unskilled]
   riding             [Unskilled]
 Weapon Skills
   dagger             [Unskilled]
   knife              [Unskilled]
   axe                [Unskilled]
   short sword        [Unskilled]
   club               [Unskilled]
   mace               [Unskilled]
   quarterstaff       [Basic]
   polearms           [Unskilled]
   spear              [Unskilled]
   trident            [Unskilled]
   sling              [Unskilled]
   dart               [Unskilled]
   shuriken           [Unskilled]
 Spellcasting Skills
   attack spells      [Basic]
   healing spells     [Unskilled]
   divination spells  [Unskilled]
   enchantment spells [Basic]
   clerical spells    [Unskilled]
   escape spells      [Unskilled]
   matter spells      [Unskilled]

Voluntary challenges:
 Character rerolling was not enabled.
 You were an atheist.
 You never genocided any monsters.
 You never polymorphed an object.
 You never changed form.
 You used no wishes.
Achievements:
 You entered the Gnomish Mines.
 You attained the rank of Conjurer.
 You entered a shop.

 The Dungeons of Doom: levels 1 to 4
    Level 1:
       Some fountains.
    Level 2:
    Level 3:
       Stairs down to The Gnomish Mines.
    Level 4:
       A vegetarian food shop, an altar.
 The Gnomish Mines: levels 4 to 5
    Level 4:
    Level 5: <- You were here.
       Final resting place for
          you, killed by a rothe.


Vanquished creatures:
  3 gnome leaders
  3 dwarves
  a kobold leader
  2 rothes
  a giant bat
  a dwarf zombie
  a werejackal
 an acid blob
  a coyote
  a gas spore
  3 hobbits
  3 cave spiders
  a green mold
 19 gnomes
  5 jackals
  3 grid bugs
  a bat
  3 lichens
  a kobold zombie
  3 newts
57 creatures vanquished.

No species were genocided or became extinct.

Game over:
                       ----------
                      /          \
                     /    REST    \
                    /      IN      \
                   /     PEACE      \
                  /                  \
                  |    Eisengrim     |
                  |      210 Au      |
                  |   killed by a    |
                  |      rothe       |
                  |                  |
                  |                  |
                  |       2026       |
                 *|     *  *  *      | *
        _________)/\\_//(\/(/\)/\//\/|_)_______

Goodbye Eisengrim the Wizard...

You died in The Gnomish Mines on dungeon level 5 with 1509 points,
and 210 pieces of gold, after 2023 moves.
You were level 5 with a maximum of 37 hit points when you died.

